 Dungeon Crawl Stone Soup version 0.28-a0-1387-g3a22ab9bdc (webtiles) character file.

Game seed: 17166954909764626584

73503 flotson the Fighter (level 15, -1/120 HPs)
             Began as a Demonspawn Gladiator on Dec 31, 2021.
             Was an Initiate of Gozag.
             Killed from afar by Azrael (15 damage)
             ... with a bolt of fire
             ... on level 2 of the Orcish Mines on Jan 3, 2022.
             The game lasted 00:57:20 (33326 turns).

flotson the Fighter (Demonspawn Gladiator)         Turns: 33326, Time: 00:57:22

Health: -1/120     AC: 13    Str: 26    XL:     15   Next: 4%
Magic:  1/15       EV: 18    Int: 10    God:    Gozag
Gold:   4976       SH:  0    Dex: 20    Spells: 14/14 levels left

rFire   + . .      SeeInvis .   a - +9 broad axe (drain)
rCold   . . .      Faith    .   u - orb {*Rage}
rNeg    . . .      Spirit   .   M - +0 swamp dragon scales
rPois   +          Reflect  .   (helmet restricted)
rElec   +          Harm     .   H - +0 cloak
rCorr   .          Rampage  .   y - +0 pair of gloves {infuse}
Will    +....      Rage     20% (no boots)
Stlth   +++.......              G - amulet of the Air {Inacc Air Fly rElec RMsl}
HPRegen 0.30/turn               R - +6 ring of strength
MPRegen 0.14/turn               Q - ring of protection from fire

@: about to teleport, gold aura, flying, repel missiles
A: antennae 2, thin skeletal structure 2, icemail 2, condensation shield
a: Renounce Religion, Potion Petition, Call Merchant, Bribe Branch


You were on level 2 of the Orcish Mines.
You worshipped Gozag.
Gozag was most pleased with you.
You visited 4 branches of the dungeon, and saw 21 of its levels.

You collected 5892 gold pieces.
You spent 803 gold pieces at shops.
You paid 113 gold pieces to Gozag.

Inventory:

Hand Weapons
 a - a +9 broad axe of draining (weapon)
 b - a +1 hunting sling of flaming
 f - the +8 trident "Grim Tooth" {drain, Dex+3}
   (You took it off a spriggan on level 1 of the Lair of Beasts)

   A truly terrible weapon, it drains the life of any living foe it strikes.
   Dex:       It affects your dexterity (+3).
 U - the +4 mace of Pride {flame, Str+4 Stlth+}
   (You found it on level 3 of the Lair of Beasts)

   It burns those it strikes, dealing additional fire damage.
   Str:       It affects your strength (+4).
   Stlth:     It makes you more stealthy.
Missiles
 d - 2 throwing nets (quivered)
 i - 135 poisoned darts
 l - 6 javelins
 o - 3 atropa-tipped darts
 A - 24 sling bullets
 E - 3 silver boomerangs
 S - 7 boomerangs
Armour
 u - an orb of wrath (worn)
 y - a +0 pair of gloves of infusion (worn)
 H - a +0 cloak (worn)
 M - +0 swamp dragon scales (worn)
Jewellery
 G - the amulet of the Air (around neck) {Inacc Air Fly rElec RMsl}
   (You found it on level 7 of the Dungeon)

   [amulet of nothing]

   It reduces the accuracy of all your attacks.
   It enhances your air magic.
   rElec:     It insulates you from electricity.
   Fly:       It grants you flight.
   RMsl:      It protects you from missiles.
 N - a ring of positive energy
 Q - a ring of protection from fire (right hand)
 R - a +6 ring of strength (left hand)
 V - a ring of protection from cold
Wands
 h - a wand of flame (27)
 t - a wand of iceblast (32)
 C - a wand of acid (6)
 K - a wand of mindburst (11)
 P - a wand of paralysis (19)
 W - a wand of polymorph (7)
Scrolls
 e - 8 scrolls of teleportation
 k - 4 scrolls of blinking
 m - 2 scrolls of amnesia {unknown}
 q - a scroll of summoning {unknown}
 s - 2 scrolls of torment {unknown}
 w - 3 scrolls of enchant armour
 D - 5 scrolls of fog
 F - a scroll of acquirement {unknown}
 J - 3 scrolls of vulnerability
 T - 2 scrolls of magic mapping {unknown}
 X - a scroll of fear
 Y - 3 scrolls of brand weapon {unknown}
 Z - 2 scrolls of immolation {unknown}
Potions
 c - 4 potions of lignification
 g - 3 potions of heal wounds
 j - a potion of invisibility
 n - a potion of resistance
 p - 2 potions of might
 r - 5 potions of haste
 v - 3 potions of mutation
 x - 7 potions of curing
 z - 2 potions of ambrosia
 B - 5 potions of cancellation
 I - a potion of attraction
Miscellaneous
 O - a condenser vane


   Skills:
 + Level 11.7 Fighting
 + Level 8.6(9.6) Axes
 - Level 6.8(8.8) Maces & Flails
 + Level 10.8 Throwing
 + Level 10.6 Armour
 + Level 10.9 Dodging
 + Level 9.8 Evocations


You had 14 spell levels left.
You didn't know any spells.
Your spell library contained the following spells:

 Spells                   Type           Power      Damage    Failure   Level
 Foxfire                  Conj/Fire      0%         2x1d4     45%         1
 Sandblast                Erth           0%         2d4       45%         1
 Sting                    Tmut/Pois      0%         1d3       45%         1
 Passwall                 Tmut/Erth      0%         N/A       61%         2
 Poisonous Vapours        Pois/Air       0%         N/A       61%         2
 Conjure Flame            Conj/Fire      0%         6-21      83%         3
 Inner Flame              Hex/Fire       0%         N/A       83%         3
 Stone Arrow              Conj/Erth      0%         3d7       83%         3
 Summon Guardian Golem    Hex/Summ       0%         N/A       83%         3
 Animate Dead             Necr           0%         N/A       99%         4
 Flame Wave               Conj/Fire      0%         2d4       99%         4
 Olgreb's Toxic Radiance  Pois           0%         N/A       99%         4
 Petrify                  Tmut/Erth      0%         N/A       99%         4
 Blade Hands              Tmut           0%         N/A       100%        5
 Borgnjor's Vile Clutch   Necr/Erth      0%         N/A       100%        5
 Irradiate                Conj/Tmut      0%         3d13      100%        5
 Metabolic Englaciation   Hex/Ice        0%         N/A       100%        5
 Death Channel            Necr           0%         N/A       100%        6
 Dispersal                Tloc           0%         N/A       100%        6
 Statue Form              Tmut/Erth      0%         N/A       100%        6
 Dragon Form              Tmut           0%         N/A       100%        7
 Orb of Destruction       Conj           0%         N/A       100%        7
 Spellforged Servitor     Conj/Summ      0%         N/A       100%        7
 Disjunction              Tloc           0%         N/A       100%        8


Dungeon Overview and Level Annotations

Branches:
Dungeon (12/15)            Temple (1/1) D:7            Lair (6/6) D:11
 Shoals (0/4) Lair:3       Spider (0/4) Lair:3        Slime (0/5) Lair:6
    Orc (2/2) D:12            Elf (0/3) Orc:2

Altars:
Ashenzari
Cheibriados
Dithmenos
Elyvilon
Fedhas
Gozag
Hepliaklqana
Kikubaaqudgha
Makhleb
Nemelex Xobeh
Okawaru
Qazlal
Ru
Sif Muna
Trog
Uskayaw
Vehumet
Wu Jian
Xom
Yredelemnul
Zin
The Shining One
Beogh
Jiyva

Shops:
D:5 ?   D:6 [   D:8 ?   D:12 *!(   Orc:1 :   Orc:2 !(=*

Portals:
Trove: D:12 (give +7 demon trident)

Annotations:
D:9 Grum
Orc:1 2 transporters, sand's ghost, journeyman HOFi
Orc:2 Azrael


Innate Abilities, Weirdness & Mutations

You have a pair of antennae on your head.
You have a moderately thin skeletal structure. (Dex +4, Stealth++)
A meltable icy envelope protects you from harm. (AC +0)
A meltable shield of frost defends you. (SH +0)


Message History

Unknown command.
You are too injured to fight recklessly!
Unknown command.
You are too injured to fight recklessly!
You slash the troll!
The troll is almost dead.
You slash Azrael!
You hit the fire elemental but do no damage.
The fire elemental is no longer distracted by gold.
You miss the fire elemental.
The fire elemental completely misses you.
The fire elemental closely misses you.
Azrael hits you with a +1 scimitar of flaming!
Azrael burns you. The troll bites you!
* * * LOW HITPOINT WARNING * * *
The troll closely misses you. The troll barely misses you.
The fire elemental completely misses you.
The fire elemental hits you. The fire elemental burns you! You resist.
* * * LOW HITPOINT WARNING * * *
The fire elemental is distracted by your dazzling golden aura.
Azrael gestures at you. The bolt of fire hits you! You resist.
* * * LOW HITPOINT WARNING * * *
The ogre is distracted by your dazzling golden aura.
The orc warrior closely misses you. The troll closely misses you.
The troll claws you.
* * * LOW HITPOINT WARNING * * *
The troll claws you but does no damage. The fire elemental barely misses you.
The orc warrior is no longer distracted by gold.
The fire elemental is no longer distracted by gold.
The troll is distracted by your dazzling golden aura.
As you read the scroll of teleportation, it crumbles to dust.
You feel strangely unstable. Azrael gestures at you.
The bolt of fire hits the fire elemental.
The fire elemental completely resists.
The bolt of fire hits the fire elemental.
The fire elemental completely resists.
The bolt of fire hits you! You resist.
You die...
Your body crumbles into a pile of gold.

$ ##### ......... .... .
.... .......... .... ...
.... .........######..# #.#
#.## .........#∩...#..# #.#
#.#
.........#....#..###.###.##
.........#....#............
.......°.###'##..........##
....o.☼REE@.......⌠...)).#
$....$.$○T###'##.......)[[#
......$.o#....#..###'###[##
......O..#....#..#.....#.[)
.........#....#..#.....#.##
.........#∩...#..#.._..#.#
.........######..#######.##
$.......... .............
.......... .............


You could see Azrael, a troll (unaware, drained), 2 fire elementals, an orc
warrior and an ogre (unaware).

Vanquished Creatures
  The ghost of Ithra the Warrior, a journeyman OgTm of Makhleb (Lair:4)
  A fire dragon (Lair:6)
  Fannar (Lair:1)
  The ghost of fragbeetle the Cleaver, a journeyman HOCA of Ignis (Lair:1)
  2 boulder beetles
  8 hydras
  13 death yaks
  2 two-headed ogres
  3 centaur warriors (D:12)
  The ghost of ardl the Fighter, a novice DjSu of Fedhas (D:8)
  Nergalle (Lair:3)
  An orb spider (Lair:3)
  2 skeletal warriors (D:12)
  Pikel (D:4)
  2 lindwurms (Lair:6)
  9 orc knights
  2 deep elf pyromancers
  2 cyclopes
  A manticore (Lair:3)
  4 black mambas
  5 torpor snails (Lair:6)
  Maggie (D:9)
  2 unseen horrors
  10 cane toads
  7 kobold demonologists
  2 rime drakes (Lair:6)
  A yaktaur (D:12)
  7 komodo dragons
  A wind drake (Lair:3)
  5 trolls
  3 tyrant leeches (Lair:6)
  Grinder (D:5)
  4 polar bears
  7 hornets (Lair:6)
  4 dream sheep (Lair:6)
  12 blink frogs
  6 slime creatures
  A spriggan (Lair:1)
  A shadow (D:12)
  60 yaks
  A wyvern (Lair:2)
  Sigmund (D:2)
  2 fire elementals (Orc:2)
  3 basilisks
  4 vampire mosquitoes (D:11)
  7 wargs (Orc:2)
  Menkaure (D:7)
  An acid dragon (D:12)
  14 water moccasins
  A hell hound (Orc:2)
  34 orc warriors
  4 black bears
  2 necrophages
  7 ogres
  An ice beast (D:7)
  16 wolves
  3 lemures
  7 centaurs
  2 phantoms
  Blork the orc (D:5)
  6 kobold brigands
  15 bullfrogs
  4 scorpions
  A water moccasin zombie (D:7)
  A wyvern zombie (D:9)
  A wyvern skeleton (D:5)
  14 killer bees
  3 howler monkeys (D:10)
  3 electric eels (Lair:6)
  3 jellies
  2 bullfrog skeletons (D:5)
  6 hounds
  7 centaur zombies
  8 orc priests
  12 orc wizards
  Jessica (D:3)
  2 iguanas
  Ijyb (D:3)
  4 hell rats (Lair:1)
  A howler monkey zombie (D:5)
  4 adders
  3 gnolls (D:2)
  A howler monkey skeleton (D:7)
  2 white imps (D:6)
  2 ufetubi
  3 worms
  A dart slug (D:4)
  61 orcs
  6 endoplasms
  5 giant cockroaches
  4 goblins
  4 hobgoblins
  2 jackals (D:5)
  3 quokkas
  11 ball pythons
  5 bats
  2 frilled lizards
  30 kobolds
  2 rats (D:3)
556 creatures vanquished.

Vanquished Creatures (others)
  2 spriggans (Lair:1)
  An orc (Orc:2)
  26 fungi
  58 plants
87 creatures vanquished.

Grand Total: 643 creatures vanquished

Notes
Turn   | Place    | Note
-------+----------+-------------------------------------------
     0 | D:1      | flotson the Demonspawn Gladiator began the quest for the
                  | Orb.
     0 | D:1      | Reached XP level 1. HP: 16/16 MP: 1/1
   151 | D:1      | Found Soyz Fon's Magic Scroll Shoppe.
   697 | D:1      | Gained mutation: You have a somewhat thin skeletal
                  | structure. (Dex +2, Stealth+) [demonic ancestry]
   697 | D:1      | Reached XP level 2. HP: 22/22 MP: 2/2
   888 | D:2      | Noticed Sigmund
   888 | D:2      | Found a sparkling altar of Nemelex Xobeh.
  1053 | D:2      | Killed Sigmund
  1054 | D:2      | Reached skill level 3 in Fighting
  1054 | D:2      | Reached skill level 1 in Armour
  1054 | D:2      | Gained mutation: You have a pair of small antennae on your
                  | head. [demonic ancestry]
  1054 | D:2      | Reached XP level 3. HP: 29/29 MP: 3/3
  1054 | D:2      | Reached XP level 4. HP: 35/35 MP: 4/4
  1054 | D:2      | Gained mutation: A meltable shield of frost defends you.
                  | (SH +0) [demonic ancestry]
  1054 | D:2      | Reached XP level 5. HP: 41/41 MP: 5/5
  1596 | D:3      | Found a broken altar of Ashenzari.
  1689 | D:3      | Found a faded altar of an unknown god.
  1847 | D:3      | Reached XP level 6. HP: 47/47 MP: 6/6
  1984 | D:3      | Found a blossoming altar of Fedhas.
  2019 | D:3      | Noticed Jessica
  2022 | D:3      | Killed Jessica
  2122 | D:3      | Noticed Ijyb
  2141 | D:3      | Killed Ijyb
  2526 | D:4      | Gained mutation: A meltable icy envelope protects you from
                  | harm. (AC +0) [demonic ancestry]
  2526 | D:4      | Reached XP level 7. HP: 51/53 MP: 7/7
  2556 | D:3      | Reached skill level 4 in Fighting
  3519 | D:3      | HP: 4/82 [black bear (1)]
  3522 | D:3      | Reached XP level 8. HP: 5/61 MP: 8/8
  4169 | D:4      | Found a radiant altar of Vehumet.
  4323 | D:5      | Entered Level 5 of the Dungeon
  4323 | D:5      | Noticed Grinder
  4329 | D:5      | Paralysed by Grinder for 7 turns
  4342 | D:5      | Killed Grinder
  4343 | D:5      | Reached skill level 5 in Fighting
  4343 | D:5      | Reached skill level 5 in Maces & Flails
  4343 | D:5      | Reached skill level 5 in Dodging
  4560 | D:5      | Noticed Pikel
  4738 | D:4      | Upgraded the game from 0.28-a0-1374-ga75cb3825e to
                  | 0.28-a0-1382-g92835e5c71
  4748 | D:4      | Killed Pikel
  4749 | D:4      | Reached skill level 5 in Throwing
  4781 | D:5      | Reached XP level 9. HP: 67/68 MP: 9/9
  4949 | D:5      | Noticed Blork the orc
  4956 | D:5      | Killed Blork the orc
  5036 | D:5      | Found Wese's Magic Scroll Shop.
  5048 | D:5      | Bought a scroll of identify for 24 gold pieces
  5048 | D:5      | Bought a scroll of fog for 24 gold pieces
  5048 | D:5      | Bought a scroll of teleportation for 36 gold pieces
  5190 | D:5      | Upgraded the game from 0.28-a0-1382-g92835e5c71 to
                  | 0.28-a0-1387-g3a22ab9bdc
  5407 | D:5      | Reached skill level 5 in Armour
  5706 | D:5      | Reached skill level 6 in Fighting
  5953 | D:5      | You fall into a shaft and drop 2 floors!
  6486 | D:6      | Found a bloodstained altar of Trog.
  6692 | D:6      | Found Erphosan's Armour Shop.
  7129 | D:6      | Found a sacrificial altar of Ru.
  7287 | D:6      | Found a hide-covered altar of Uskayaw.
  7295 | D:6      | Reached skill level 1 in Evocations
  7422 | D:7      | Noticed Menkaure
  7434 | D:7      | Killed Menkaure
  7500 | D:7      | Found the amulet of the Air {Inacc Air Fly rElec RMsl}
  7512 | D:7      | Found a staircase to the Ecumenical Temple.
  7527 | Temple   | Entered the Ecumenical Temple
  8277 | D:7      | Reached XP level 10. HP: 77/77 MP: 10/10
  8876 | D:8      | Found an opulent altar of Gozag.
  8928 | D:8      | Became a worshipper of Gozag Ym Sagoz the Greedy
  9432 | D:8      | Found Riaximmu's Magic Scroll Shop.
  9439 | D:8      | Bought a scroll of fear for 38 gold pieces
  9439 | D:8      | Bought a scroll of noise for 11 gold pieces
  9731 | D:9      | Noticed Grum
 10286 | D:9      | Found a runed translucent gate.
 10286 | D:9      | Found a runed translucent gate.
 10286 | D:9      | Found a runed translucent gate.
 10288 | D:9      | Noticed ardl's ghost (novice DjSu)
 10303 | D:9      | Reached skill level 7 in Fighting
 10495 | D:9      | Found an ornate altar of the Wu Jian Council.
 10848 | D:9      | Found a shimmering blue altar of Sif Muna.
 10865 | D:9      | Noticed Maggie
 10885 | D:9      | Killed Maggie
 11507 | D:9      | Reached skill level 1 in Axes
 11703 | D:9      | Found a viscous altar of Jiyva.
 11723 | D:10     | Entered Level 10 of the Dungeon
 11847 | D:10     | Noticed a two-headed ogre
 11860 | D:10     | Killed a two-headed ogre
 11989 | D:10     | Found a basalt altar of Yredelemnul.
 12253 | D:10     | Gained mutation: A meltable icy envelope protects you from
                  | harm. (AC +0) [demonic ancestry]
 12253 | D:10     | Reached XP level 11. HP: 84/84 MP: 11/11
 12269 | D:10     | Found a snail-covered altar of Cheibriados.
 12974 | D:11     | Found a staircase to the Lair.
 12990 | D:11     | Reached skill level 8 in Fighting
 13107 | D:11     | Noticed a deep elf pyromancer
 14451 | D:11     | Reached skill level 5 in Evocations
 15260 | D:11     | Noticed a boulder beetle
 15279 | D:11     | Killed a boulder beetle
 15348 | D:11     | Killed a deep elf pyromancer
 15896 | Lair:1   | Entered Level 1 of the Lair of Beasts
 15963 | Lair:1   | Reached XP level 12. HP: 82/94 MP: 8/12
 16346 | Lair:1   | You are sucked into a shaft and drop 1 floor!
 16420 | Lair:2   | Noticed a four-headed hydra
 16438 | Lair:2   | Killed a four-headed hydra
 16767 | Lair:1   | Found a runed translucent door.
 16777 | Lair:1   | Noticed Fannar
 17101 | Lair:1   | Noticed a seven-headed hydra
 17107 | Lair:1   | Killed a seven-headed hydra
 17108 | Lair:1   | Reached skill level 9 in Fighting
 17880 | Lair:1   | Noticed fragbeetle's ghost (journeyman HOCA)
 17880 | Lair:1   | Identified the +8 trident "Grim Tooth" {drain, Dex+3}
 17989 | Lair:1   | Reached skill level 5 in Axes
 18943 | Lair:2   | Found a stormy altar of Qazlal.
 20232 | Lair:3   | Noticed a six-headed hydra
 20245 | Lair:3   | Killed a six-headed hydra
 20642 | Lair:3   | Found a staircase to the Shoals.
 20824 | Lair:3   | Found a hole to the Spider Nest.
 20949 | Lair:3   | Gained mutation: You have a moderately thin skeletal
                  | structure. (Dex +4, Stealth++) [demonic ancestry]
 20949 | Lair:3   | Reached XP level 13. HP: 102/102 MP: 9/13
 20984 | Lair:3   | Noticed Nergalle
 21002 | Lair:3   | Killed Nergalle
 21225 | Lair:3   | Identified the +4 mace of Pride {flame, Str+4 Stlth+}
 21760 | Lair:3   | Reached skill level 10 in Fighting
 22626 | Lair:4   | Found a runed translucent gate.
 22626 | Lair:4   | Found a runed translucent gate.
 22695 | Lair:4   | Found a runed translucent gate.
 22696 | Lair:4   | Noticed Ithra's ghost (journeyman OgTm)
 24667 | Lair:6   | Entered Level 6 of the Lair of Beasts
 24751 | Lair:6   | Reached skill level 10 in Dodging
 25238 | Lair:6   | Reached XP level 14. HP: 111/111 MP: 12/14
 25596 | Lair:6   | Reached skill level 10 in Throwing
 25665 | Lair:6   | Found a runed translucent door.
 26207 | Lair:6   | Reached skill level 11 in Fighting
 26572 | Lair:6   | Found a staircase to the Slime Pits.
 27223 | Lair:4   | Killed Ithra's ghost
 27532 | Lair:1   | Killed Fannar
 27533 | Lair:1   | Reached skill level 10 in Armour
 27881 | Lair:1   | Killed fragbeetle's ghost
 28143 | D:8      | Killed ardl's ghost
 28406 | D:12     | Found Niav's Weapon Shop.
 29014 | D:12     | Found a staircase to the Orcish Mines.
 29066 | D:12     | Found a portal to a secret trove of treasure.
 29079 | D:12     | Found Cuisif's Assorted Antiques.
 29093 | D:12     | Bought a scroll of identify for 44 gold pieces
 29093 | D:12     | Bought a scroll labelled TADIUL VIHYQ for 22 gold pieces
 29093 | D:12     | Bought a scroll of identify for 44 gold pieces
 29696 | D:12     | Found Vatoopsa's Distillery.
 29701 | D:12     | Bought a potion of heal wounds for 80 gold pieces
 29701 | D:12     | Bought a potion of heal wounds for 80 gold pieces
 29857 | Orc:1    | Entered Level 1 of the Orcish Mines
 29924 | Orc:1    | Found a transporter.
 29928 | Orc:1    | Noticed sand's ghost (journeyman HOFi)
 29936 | Orc:1    | Found Jeor's Book Emporium.
 30377 | Orc:1    | Found a burning altar of Makhleb.
 30479 | Orc:1    | Found a transporter.
 30655 | Orc:2    | Entered Level 2 of the Orcish Mines
 31396 | Orc:2    | Found a staircase to the Elven Halls.
 32496 | Orc:2    | Found Birghon's Jewellery Emporium.
 32496 | Orc:2    | Found Myamikuo's General Store.
 32782 | Orc:1    | Gained mutation: You have a pair of antennae on your head.
                  | [demonic ancestry]
 32782 | Orc:1    | Reached XP level 15. HP: 20/120 MP: 9/15
 32783 | Orc:1    | HP: 4/120 [orc knight (16)]
 33287 | Orc:2    | Found Ydianufu's Distillery.
 33287 | Orc:2    | Found Misocvau's Antique Weapon Shop.
 33293 | Orc:2    | Bought a potion of heal wounds for 80 gold pieces
 33293 | Orc:2    | Bought a potion of haste for 160 gold pieces
 33293 | Orc:2    | Bought a potion of resistance for 160 gold pieces
 33310 | Orc:2    | Noticed Azrael
 33326 | Orc:2    | Killed from afar by Azrael

Illustrated notes

Levels and vault maps discovered:
D:1:      minmay_arrival_wavy_path, layout_loops_ring, serial_shops,
          nicolae_shop_crystal
D:2:      layout_loops_ring, basic_altar, uniq_sigmund
D:3:      layout_basic, lemuel_doored_altar, lemuel_tele_altar,
          ebering_ecumenical_altar_webs, uniq_ijyb, uniq_jessica
D:4:      layout_gridville, mainiacjoe_overflow_alcove_4,
          kennysheep_generic_room_13
D:5:      layout_loops_ring, serial_shops, nicolae_shop_stone,
          uniq_blork_the_orc, uniq_pikel, uniq_grinder
D:6:      layout_loops_corners, lemuel_round_altar, trog_ov_bears_minmay,
          mainiacjoe_overflow_alcove_2, serial_shops, nicolae_shop_trees
D:7:      layout_gridville, minmay_temple_entry_stoned_glass,
          hangedman_abyss_or_decor_lesser_grid, kennysheep_small_spiral,
          uniq_menkaure
D:8:      layout_loops_ring, mainiacjoe_overflow_paths, serial_shops,
          nicolae_shop_hallway_stairs
D:9:      layout_long_grid, kennysheep_little_box, kennysheep_mini,
          pdpol_wu_jian_five_deadly_venoms, gammafunk_ghost_ooze, uniq_maggie,
          uniq_grum
D:10:     layout_loops_ring, lemuel_coloured_pillars_altar,
          general_overflow_altar
D:11:     layout_basic, lair_entry_dummy, serial_co_window_serial,
          co_window_corner_a, co_window_paths_a, co_window_corner_a,
          co_window_paths_a, co_window_cross_1, co_window_of_opportunity_a,
          co_window_corner_a, co_window_broadway_c, co_window_of_opportunity_c,
          co_window_corner_ca, co_window_of_opportunity_c, co_window_paths_d,
          glass_columns_b, glass_columns_b
D:12:     minmay_stepped, layout_basic, david_orc_3, enter_trove_2,
          serial_shops, shop, nicolae_shop_stone, nicolae_shop_waterfront
Temple:   chequers_temple_sunken
Lair:1:   layout_regular_city, ebering_ghost_funeral_grove,
          small_statue_intersection, uniq_fannar
Lair:2:   layout_regular_city, basic_altar
Lair:3:   layout_misc_corridors, minmay_shoals_entry_beasts,
          nicolae_spider_entry_orb_guardian, minmay_holes, uniq_nergalle
Lair:4:   layout_concentric_octagons, ebering_ghost_rock_garden
Lair:5:   layout_concentric_octagons, grunt_megastairs_1, serial_bayou_shore_a
Lair:6:   wormcave, layout_regular_city, slime_dummy, disabler_island
Orc:1:    layout_caves, basic_altar, serial_shops,
          nicolae_shop_temple_entry_statues_fountains,
          gammafunk_ghost_berserking_beasts
Orc:2:    st_orc_town, layout_caves, basic_altar, uniq_azrael

Skill      XL: |  1  2  3  4  5  6  7  8  9 10 11 12 13 14 |
---------------+-------------------------------------------+-----
Throwing       | 2 3 4 5 6 7 8 9 10 | 10.8
Fighting       | 3 4 5 6 7 8 9 10 11 | 11.7
Maces & Flails | 3 4 5 6 |  6.8
Armour         | 1 2 3 4 5 6 7 8 9 10 | 10.6
Dodging        | 3 4 5 6 7 8 9 10 | 10.9
Evocations     | 1 3 5 7 8 9 |  9.8
Axes           | 2 4 5 7 8 |  8.6

Action                   |  1- 3 |  4- 6 |  7- 9 | 10-12 | 13-15 || total
-------------------------+-------+-------+-------+-------+-------++-------
Melee: Flail             |    10 |     2 |    84 |       |       ||    96
       Whip              |       |       |   232 |   295 |       ||   527
       Broad axe         |       |       |       |   753 |   760 ||  1513
       Mace              |       |       |       |       |    19 ||    19
 Fire: Hunting sling     |    31 |   100 |    94 |   134 |   134 ||   493
Throw: Dart              |       |     2 |    13 |    10 |       ||    25
       Throwing net      |       |       |     1 |     4 |       ||     5
Evoke: Wand              |       |       |     1 |     2 |     5 ||     8
  Use: Scroll            |       |       |     4 |    15 |    18 ||    37
       Potion            |       |       |       |     4 |     2 ||     6
 Stab: Held in net/web   |       |       |     2 |       |       ||     2
       Distracted        |       |       |     1 |     6 |     5 ||    12
       Sleeping          |       |       |     1 |     3 |     5 ||     9
       Invisible         |       |       |       |     3 |       ||     3
Armor: Leather armour    |     6 |       |       |       |       ||     6
       Scale mail        |       |    16 |   182 |    74 |       ||   272
       Swamp dragon scal |       |       |       |   531 |   318 ||   849
Dodge: Dodged            |    12 |    29 |   199 |  1048 |   637 ||  1925
       Repelled          |       |       |       |     1 |     6 ||     7
Block: Other             |       |     8 |       |       |       ||     8
       Orb               |       |       |    63 |   226 |   115 ||   404

Table legend: (Time is in decaauts)
 A = Elapsed time spent in this place.
 B = Non-inter-level travel time spent in this place.
 C = Inter-level travel time spent in this place.
 D = Time resting spent in this place.
 E = Time spent auto-exploring this place.
 F = Levels seen in this place.
 G = Mean time per level.
                   A        B        C        D        E       F      G
               +--------+--------+--------+--------+--------+-----+--------+
         Total |  35014 |  33604 |   1410 |   7025 |  20310 |  21 | 1667.3 |
       Dungeon |  18561 |  17830 |    731 |   4387 |  10056 |  12 | 1546.8 |
        Temple |    507 |    486 |     21 |      0 |    480 |   1 |  507.0 |
          Lair |  12318 |  11727 |    591 |   1206 |   8395 |   6 | 2053.0 |
  Orcish Mines |   3626 |   3560 |     66 |   1431 |   1378 |   2 | 1813.0 |
               +--------+--------+--------+--------+--------+-----+--------+

Top non-repeatable levels by time:
    D:11: 3483 daAuts
  Lair:6: 2596 daAuts
  Lair:1: 2475 daAuts
  Lair:2: 2264 daAuts
  Lair:3: 2077 daAuts
     D:3: 2048 daAuts
  Lair:4: 1934 daAuts
   Orc:1: 1920 daAuts
     D:8: 1891 daAuts
    D:10: 1863 daAuts
   Orc:2: 1706 daAuts
     D:9: 1676 daAuts
     D:6: 1458 daAuts
    D:12: 1349 daAuts
     D:5: 1348 daAuts
